[Event "American Cup Elimination 2023"]
[Site "Saint Louis"]
[Date "2023.03.19"]
[Round "1.1"]
[White "Aronian, Levon"]
[Black "Sevian, Samuel"]
[Result "1-0"]
[ECO "C77"]
[WhiteElo "2745"]
[BlackElo "2687"]
[Annotator "TA"]
[PlyCount "89"]
[EventDate "2023.03.15"]
[EventType "k.o."]
[EventCountry "USA"]
[SourceTitle "playchess.com"]
[Source "ChessBase"]
[SourceQuality "1"]
[TimeControl "1500+10"]

1. e4 e5 2. Nf3 Nc6 3. Bb5 a6 4. Ba4 Nf6 5. d3 Bc5 6. c3 b5 7. Bb3 d6 8. Bg5 $1 {[%emt 0:00:04][%cal Bc1g5,Bg5h4,Bh4g3][%mdl 4] is recently more successful than 8.0-0. C77: Ruy Lopez: 3...a6 4 Ba4 Nf6, unusual lines.} h6 9. Bh4 Bd7 10. Nbd2 {[%emt 0:02:03] White has an edge.} Qe7 11. O-O g5 12. Bg3 {[%emt 0:00:02] [#]} Bb6 $146 ({Predecessor:} 12... O-O 13. Re1 Bb6 14. d4 Rae8 15. Nf1 Qd8 16. dxe5 Nxe5 17. Bxe5 dxe5 18. Ng3 Qe7 {1-0 Sirosh,I (2402)-Sinitsina,A (2175) Viljandi Raud Memorial 56th 2022 (7)}) 13. a4 {[%emt 0:01:19] axb5 would be deadly.} Rb8 14. axb5 axb5 15. Re1 h5 {[%emt 0:01:34] [#] Threatens to win with ...h4.} 16. h4 $1 (16. Nxg5 h4 $17) 16... g4 17. Nh2 Nh7 18. Nhf1 Nf8 19. Ne3 Bxe3 20. fxe3 (20. Rxe3 Ng6 $11) 20... Ng6 21. Rf1 Be6 22. Bd5 Nd8 23. Ra7 {[%emt 0:00:02] White is more active.} Nxh4 24. Rxc7 {[%emt 0:00:05][%mdl 64] Deflection} (24. Bxh4 {is interesting.} Qxh4 25. Rxc7 O-O 26. d4) 24... Nf3+ (24... Qxc7 $11 25. Bxh4 Nc6) 25. Nxf3 $16 Qxc7 {[%emt 0:00:01] [#]} 26. Nh4 Nc6 27. Nf5 ({Better is} 27. d4 $16) 27... Bxf5 28. Rxf5 h4 $1 29. Rxf7 (29. Be1 $5 g3 30. Rh5 Rxh5 31. Qxh5 $16) 29... Qxf7 30. Bxf7+ Kxf7 31. Be1 h3 $2 {[%emt 0:00:48] This costs Black the game.} (31... g3 $1 $14) 32. Bg3 $18 (32. Qxg4 $6 Rbg8 33. Qf3+ (33. Qd7+ Ne7 $11) 33... Ke7 $16) 32... Ne7 33. d4 (33. Qxg4 Rbg8 34. Qf3+ Ke8 $17) 33... hxg2 $2 (33... Rh6 {was necessary.} 34. dxe5 dxe5 35. Bxe5 (35. Qxg4 Rg8 $17) 35... Rbb6 36. Qf1+ Kg8) 34. Kxg2 (34. Qxg4 Rbg8 35. Qf3+ Ke8 36. Kxg2 (36. Qxg2 $2 Rxg3 37. Qxg3 Rg8 $19) 36... Rg5 37. dxe5 Rhg8 38. exd6 Rxg3+ 39. Qxg3 Rxg3+ 40. Kxg3 Nc6 $11) 34... Rh5 35. Qb3+ (35. Qxg4 Rbh8 36. Kf1 Rh1+ 37. Kf2 R1h5 $18) (35. dxe5 dxe5 36. Kf2 Rbh8 37. Qb3+ Kf6 38. Qxb5 Ng6 $18) 35... Kf6 36. c4 ({Don't play} 36. Qd1 Kf7 37. Qb3+ (37. Qxg4 Rbh8 $18) 37... Kf6 $18) 36... Ng6 37. Qb4 ({Less strong is} 37. cxb5 Kg5 $16) 37... Ke6 38. c5 ({Resist} 38. cxb5 Rhh8 39. b6 Rhd8 $18) 38... exd4 (38... dxc5 $142 39. Qxc5 Re8 40. Qxb5 Kf7 41. Qd7+ Re7 42. Qxg4 Rh8) 39. Qb3+ Kf6 40. exd4 Re8 41. cxd6 Rxe4 42. Qc2 Nf4+ 43. Bxf4 {[%emt 0:00:06] White mates.} Rxf4 44. d7 Rh8 45. Qc8 {[%emt 0:00:24] A cool game by Aronian.   Weighted Error Value: White=0.14 (very precise) /Black=0.54} 1-0

[Event "American Cup Elimination 2023"]
[Site "Saint Louis"]
[Date "2023.03.19"]
[Round "1.1"]
[White "Shankland, Sam"]
[Black "Robson, Ray"]
[Result "1/2-1/2"]
[ECO "C67"]
[WhiteElo "2710"]
[BlackElo "2702"]
[Annotator "TA"]
[PlyCount "135"]
[EventDate "2023.03.15"]
[EventType "k.o."]
[EventCountry "USA"]
[SourceTitle "playchess.com"]
[Source "ChessBase"]
[SourceQuality "1"]
[TimeControl "1500+10"]

1. e4 e5 2. Nf3 Nc6 3. Bb5 Nf6 4. O-O Nxe4 5. d4 Nd6 6. Bxc6 dxc6 7. dxe5 Nf5 8. Qxd8+ Kxd8 9. Nc3 Bd7 10. h3 h6 11. b3 c5 {[%emt 0:00:33] C67: Ruy Lopez: Berlin Defence: 4 0-0 Nxe4.} (11... Bb4 12. Ne2 $16) 12. Bb2 Nd4 13. Nxd4 cxd4 {[%emt 0:00:03] White has an edge.} 14. Ne4 c5 15. c3 dxc3 16. Bxc3 Kc7 17. Rad1 a5 18. f4 a4 {[%emt 0:03:02] [#] Black is weak on the dark squares} 19. f5 $146 ({Predecessor:} 19. Nd6 Bxd6 20. exd6+ Kb6 21. b4 cxb4 22. Bxb4 Rhe8 23. Rf2 Rac8 24. Rd4 Ka6 25. a3 {1-0 Hovhannisyan,R (2591)-Sadhwani,R (2611) Olympiad-44 Chennai 2022 (6.4)}) 19... axb3 20. axb3 Bc6 21. Rfe1 Ra2 22. g4 Rc2 23. e6 fxe6 24. fxe6 {[%emt 0:00:03] And now Be5+ would win.} Kb6 25. Rd3 Be7 26. Nd2 Ra8 27. Bxg7 Bg5 {[%emt 0:00:09] This pair of bishops is nice.} 28. Nc4+ Kb5 $1 {[%emt 0:00:01] Strongly threatening ...Raa2.} 29. e7 Raa2 {[%emt 0:00:20] ( -> ...Rg2+)} 30. Bb2 $36 {[%emt 0:00:35][%mdl 2048] Black must now prevent Na3+. Black is under pressure.} Rg2+ 31. Kf1 {[%emt 0:00:03] Rd6 would be deadly. Dancing on a razor blade.} Rgxb2 $2 (31... Rh2 $1 $11 {and Black has nothing to worry.}) 32. Nxb2 $18 (32. e8=B {leads to mate.} Rf2+ 33. Kg1 Rg2+ 34. Kh1 Rh2+ 35. Kg1 Rh1#) 32... Rxb2 33. e8=Q ({Stronger than} 33. e8=N Bh4 34. Nd6+ Kb4 $11) ({Don't take} 33. e8=R Bxe8 34. Rxe8 c4 35. Re5+ Kb4 36. bxc4 Kxc4) 33... Bxe8 34. Rxe8 {[%emt 0:00:02][%mdl 4096] Endgame KRR-KRB} Kb4 35. Re4+ Kb5 36. Re2 Rb1+ 37. Kg2 Kb4 38. Re4+ Kb5 39. Re6 Ka5 $2 {[%emt 0:00:21] [#]} (39... c4 40. Rd5+ Kb4) 40. h4 $1 {[%emt 0:00:24][%mdl 64] Deflection} Bxh4 (40... Bf4 41. Rf6) 41. Rxh6 Rb2+ 42. Kf3 Be1 43. g5 Rf2+ 44. Ke4 Bd2 45. Rf6 Re2+ 46. Kf5 Rf2+ 47. Kg6 Rg2 48. Rd5 b6 49. Re6 Bc3 50. Kf7 Bd4 51. g6 b5 52. Rf5 Kb4 53. Rf3 Rg4 54. Rd6 $2 (54. Re7 $18 {and White stays clearly on top.} Ka3 55. Re2) 54... Bc3 $2 (54... c4 $16) 55. Rdd3 Be5 56. Rd5 Bd4 {[%emt 0:00:06] [#]} 57. Rxd4+ Rxd4 {[%emt 0:00:06] KR-KR. The position is equal.} 58. g7 Rg4 59. g8=Q Rxg8 60. Kxg8 c4 {[%emt 0:00:01] ...c3 is the strong threat.} 61. bxc4 bxc4 $11 {[%emt 0:00:00][%cal Bb5c4,Bc4c3][%mdl 32] KR-KP} 62. Kf7 c3 63. Ke6 c2 64. Rf1 Kc3 65. Kd5 Kb2 66. Rf2 Kb1 67. Rxc2 Kxc2 68. Ke4 {[%emt 0:00:08] White really could win this.   Weighted Error Value: White=0.31/Black=0.31} 1/2-1/2

[Event "American Cup Elimination 2023"]
[Site "Saint Louis"]
[Date "2023.03.19"]
[Round "1.2"]
[White "Shankland, Sam"]
[Black "Robson, Ray"]
[Result "1-0"]
[ECO "C67"]
[WhiteElo "2710"]
[BlackElo "2702"]
[Annotator "TA"]
[PlyCount "115"]
[EventDate "2023.03.15"]
[EventType "k.o."]
[EventCountry "USA"]
[SourceTitle "playchess.com"]
[Source "ChessBase"]
[SourceQuality "1"]
[TimeControl "1500+10"]

1. e4 e5 2. Nf3 Nc6 3. Bb5 Nf6 4. O-O Nxe4 5. d4 Nd6 6. Bxc6 dxc6 7. dxe5 Nf5 8. Qxd8+ Kxd8 9. Nc3 Bd7 10. h3 h6 11. b3 c5 {[%emt 0:00:10] C67: Ruy Lopez: Berlin Defence: 4 0-0 Nxe4.} ({Resist} 11... Bb4 12. Ne4 $16) 12. Nd5 Nd4 13. Nxd4 cxd4 {[%emt 0:00:07] White is slightly better.} 14. Rd1 {[%emt 0:00:06] [#]} c6 $146 ({Predecessor:} 14... c5 15. c3 dxc3 16. Be3 c2 17. Rd2 b6 18. Rc1 Kc8 19. Rcxc2 Be6 20. b4 Kb7 21. bxc5 Bxc5 22. Bxc5 {½-½ Martin,A (2395)-Nemec,Z (2367) SM-2015-0-00338}) 15. Nf4 g5 16. Nh5 Kc7 17. Rxd4 Bc5 18. Rc4 Be7 19. Bb2 Rhd8 20. Re4 Bf5 {[%emt 0:00:34] [#]} 21. Re2 Rd5 22. g4 Bg6 23. Ng3 Rad8 24. Nf5 Bf8 25. Rae1 a5 26. Kg2 a4 27. Bc3 {[%emt 0:00:42] Prevents Bb4} R8d7 $2 (27... axb3 $16 28. axb3 (28. cxb3 Rd3 $14) 28... Re8) 28. Re3 $2 ({Less strong is} 28. bxa4 Rd1 29. Kg3 Rxe1 30. Rxe1 Rd5 $16) (28. Ne3 $18) 28... b5 29. R1e2 {[%emt 0:00:30] White is more active.} b4 {[%emt 0:00:13] [#]} 30. Be1 a3 31. Nd6 Rd4 32. c3 ({White should play} 32. f3 $16) 32... bxc3 (32... Rd3 $14) 33. Bxc3 $18 Rd1 34. Bb4 Bg7 $2 (34... h5 $16 35. gxh5 (35. Bxa3 hxg4 36. hxg4 Rd8 $16) 35... Bxh5) 35. Ne8+ Kb6 36. Nxg7 c5 37. Bxa3 Ra7 38. b4 Bd3 39. bxc5+ Kc6 40. Bb4 Bxe2 41. Rxe2 Ra1 42. a3 Rd7 43. e6 fxe6 44. Rxe6+ Kb5 45. Nf5 Rdd1 46. c6 Rac1 47. Rxh6 Rh1 48. Ng3 Rhg1+ 49. Kf3 {[%emt 0:00:06] And now Ne2 would win.} Kc4 50. Bd2 (50. Ne2 $142 Kb5 51. Bd2 Rc4 52. Nxg1 Ra4 53. Bxg5 Rxa3+ 54. Kf4 Ra4+ 55. Kf5) 50... Rc2 51. Bxg5 (51. Nf5 $142 Rxd2 52. c7 Kb3 53. c8=Q Ka2 54. Rb6 Rb2 55. Qg8+ Kb1 56. Rxb2+ Kxb2 57. Nd4) 51... Rb1 52. Be3 Rb8 53. c7 Rf8+ 54. Nf5 {[%emt 0:00:08] White threatens Rc6+ and mate.} Ra2 {[%emt 0:00:11] [#]} 55. c8=Q+ $1 {[%emt 0:00:10] White mates.} Rxc8 56. Nd6+ Kd3 57. Nxc8 Rc2 58. Rd6+ {[%emt 0:00:07] Weighted Error Value: White=0.18 (very precise) /Black=0.55} 1-0

[Event "American Cup Elimination 2023"]
[Site "Saint Louis"]
[Date "2023.03.20"]
[Round "1.2"]
[White "Robson, Ray"]
[Black "Shankland, Sam"]
[Result "1/2-1/2"]
[ECO "B92"]
[WhiteElo "2702"]
[BlackElo "2710"]
[Annotator "TA"]
[PlyCount "73"]
[EventDate "2023.03.15"]
[EventType "k.o."]
[EventCountry "USA"]
[SourceTitle "playchess.com"]
[Source "ChessBase"]
[SourceQuality "1"]
[TimeControl "1500+10"]

1. e4 c5 2. Nf3 d6 3. d4 cxd4 4. Nxd4 Nf6 5. Nc3 a6 6. Be2 e5 7. Nb3 Be6 8. O-O Be7 9. Re1 {[%emt 0:00:18] B92: Sicilian Najdorf: 6 Be2.} O-O 10. Bf3 Nbd7 11. a4 Qb8 12. a5 {[%emt 0:00:17] 12.Qd3 gains popularity.} Rc8 13. h3 Bd8 {[%emt 0:00:17] [#]} 14. Be3 $146 ({Predecessor:} 14. Nd2 Rc5 15. Na4 Rc6 16. Nc3 Rc5 17. Na4 Rc8 18. Nc3 b6 19. axb6 Nxb6 20. Nf1 {½-½ Kosteniuk,A (2472)-Ju,W (2518) RUS-CHN Summit (Women) 8th 2012 (1)}) 14... b5 15. axb6 Bxb3 (15... Bxb6 $11 16. Nd2 a5) 16. cxb3 (16. b7 {keeps more tension.} Qxb7 17. cxb3 Bb6 18. Qxd6 Bxe3 19. Rxe3 Qxb3 20. Nd5) 16... Bxb6 17. Bg4 (17. g4 $5 ) 17... Bxe3 18. Rxe3 Rd8 19. Bxd7 Rxd7 {[%emt 0:00:09] The position is equal.} 20. Rf3 {[%emt 0:00:30][%cal Of3f6] [#] Strongly threatening Rxf6!} Qd8 21. b4 d5 22. exd5 Nxd5 23. Nxd5 Rxd5 24. Qe2 g6 25. Rxa6 Rxa6 26. Qxa6 $11 {[%emt 0:00:17][%mdl 4096] Endgame KQR-KQR} e4 27. Rf4 Rd1+ (27... Qc7 $5 28. g3 $8 (28. Rxe4 $2 {too greedy.} Rd1+ $19) (28. Qa8+ $2 Rd8 $19) 28... e3 $11) 28. Kh2 f5 29. Qe6+ Kg7 30. g4 Qc7 31. Kg2 $1 Qxf4 32. Qe7+ Kg8 33. Qe8+ $1 Kg7 34. Qe7+ Kg8 35. Qe8+ $1 Kg7 36. Qe7+ Kg8 {[%emt 0:00:09] [#] ( -> ...Qf3+)} 37. Qe8+ $1 {[%emt 0:00:03] Weighted Error Value: White=0.02 (flawless) /Black=0.04 (flawless)} 1/2-1/2

[Event "American Cup Elimination 2023"]
[Site "Saint Louis"]
[Date "2023.03.21"]
[Round "2.1"]
[White "Caruana, Fabiano"]
[Black "Aronian, Levon"]
[Result "1-0"]
[ECO "A18"]
[WhiteElo "2766"]
[BlackElo "2745"]
[Annotator "TA"]
[PlyCount "97"]
[EventDate "2023.03.15"]
[EventType "k.o."]
[EventCountry "USA"]
[SourceTitle "playchess.com"]
[Source "ChessBase"]
[SourceQuality "1"]
[TimeControl "1500+10"]

1. c4 Nf6 2. Nc3 e6 3. e4 d5 4. cxd5 exd5 5. e5 Ne4 6. Nf3 Bf5 {[%emt 0:00:02][%cal Bc8f5,Bf5e4,Be4d5,Bd5g2][%mdl 32] A18: English Opening: Flohr-Mikenas System (1 c4 Nf6 2 Nc3 e6 3 e4).} 7. Be2 d4 8. Nxe4 Bxe4 {[%emt 0:00:01] White is slightly better.} 9. d3 Bd5 10. O-O Nc6 {[%emt 0:00:24] [#]} 11. Bf4 $146 ({Predecessor:} 11. a3 a5 12. Bf4 a4 13. Nd2 Be7 14. Bg3 O-O 15. Rc1 Qd7 16. Bg4 Be6 17. Bxe6 fxe6 {½-½ Topalov,V (2749)-Nakamura,H (2785) Paris GCT Blitz 2017 (6)}) 11... h6 12. Bg3 g5 13. Qa4 (13. Nd2 $11 {was preferrable.}) 13... Bg7 ({Better is} 13... h5 $1 $15 14. e6 (14. Nxd4 $2 {is the wrong capture.} h4 $17) 14... fxe6) 14. Nxd4 $11 {[%emt 0:04:31] aiming for Nf5.} (14. Rac1 {simplifies} O-O 15. Nxd4 Bxg2 16. Nxc6 Bxc6 17. Qc4) 14... Bxg2 $1 15. Ne6 $36 {[%emt 0:00:18][%mdl 2048] White is more active.} fxe6 16. Bh5+ Ke7 17. Qa3+ Kd7 18. Kxg2 Bxe5 $2 {[%emt 0:00:19][%mdl 8192] This costs Black the game.} (18... Qe7 $11 {and Black is okay.}) 19. Bxe5 $18 Nxe5 {[%emt 0:02:12] [#]} 20. d4 $1 Nc6 {[%emt 0:00:45] [#]} (20... Nc4 21. Qa4+ Ke7 22. Qxc4 Qd5+ 23. Qxd5 exd5 24. Rae1+ Kd6) 21. d5 $1 exd5 (21... Nd4 22. dxe6+) 22. Bg4+ Ke8 23. Qf3 Rf8 24. Rae1+ (24. Bh5+ Kd7 25. Bg4+ (25. Qxd5+ Kc8 $15) 25... Kd6 26. Qa3+ Ke5 $18) 24... Ne7 25. Bh5+ Kd7 26. Qh3+ ({Not} 26. Qe2 c6 $18) 26... Nf5 27. Re5 $1 c6 (27... Qf6 $2 28. Rxf5 Qxf5 29. Bg4 $18) 28. Rxf5 {[%emt 0:00:07] White wants to mate with Rf7+.} Kc7 29. Re1 {[%emt 0:00:40] Qg3+ would be deadly.} Qd6 {[%emt 0:00:08] Repels Qg3} 30. Bf7 Rad8 31. Re6 Qc5 32. Qg3+ Kb6 33. Rxh6 a5 34. Qxg5 Qc2 35. Rf3 Ka7 36. Qe5 Qa4 37. Rg6 Qe4 38. Qxe4 dxe4 39. Rf5 Rd2 40. Re6 a4 41. Rxe4 b5 42. b3 Rxa2 43. bxa4 Rxa4 44. Rxa4+ bxa4 {[%emt 0:00:02] KRB-KR} 45. h4 Kb6 46. Rf3 c5 47. h5 {[%emt 0:00:10] Intending h6 and mate.} Ka5 48. h6 Rh8 49. Rh3 {[%emt 0:00:10] Weighted Error Value: White=0.26 (precise) /Black=0.64} 1-0

[Event "American Cup Elimination 2023"]
[Site "Saint Louis"]
[Date "2023.03.21"]
[Round "2.1"]
[White "Dominguez Perez, Leinier"]
[Black "Shankland, Sam"]
[Result "1-0"]
[ECO "B90"]
[WhiteElo "2743"]
[BlackElo "2710"]
[Annotator "TA"]
[PlyCount "95"]
[EventDate "2023.03.15"]
[EventType "k.o."]
[EventCountry "USA"]
[SourceTitle "playchess.com"]
[Source "ChessBase"]
[SourceQuality "1"]
[TimeControl "1500+10"]

1. e4 c5 2. Nf3 d6 3. d4 cxd4 4. Nxd4 Nf6 5. Nc3 a6 6. Be3 Ng4 7. Bc1 Nc6 8. h3 Nf6 9. Be3 e5 {[%emt 0:00:19] B90: Sicilian Najdorf: Unusual White 6th moves, 6 Be3 Ng4 and 6 Be3 e5.} 10. Nxc6 $5 {[%emt 0:00:09][%mdl 4] Exploring less charted territory.} bxc6 {[%emt 0:00:01] [#]} 11. f4 $146 ({Predecessor:} 11. Bc4 Be6 12. Bxe6 fxe6 13. O-O Be7 14. f4 exf4 15. Bxf4 e5 16. Be3 O-O 17. Qe2 d5 18. Rad1 d4 19. Bg5 {1-0 Al Tarbosh,W (2177)-Kanyamarala,T (2082) Titled Tuesday intern op 02nd Nov blitz 2021 (7)}) 11... Be7 {[%emt 0:01:07] The position is equal.} (11... Qa5 $5 ) 12. fxe5 dxe5 13. Qxd8+ Bxd8 14. O-O-O Be6 15. Bd3 {[%emt 0:00:14] White is more active.} Nh5 16. Na4 Nf4 17. Bf1 Bg5 18. Kb1 {[%emt 0:00:01] White now steadily converts the win.} O-O {[%emt 0:00:09] [#]} (18... Be7 $16) 19. g3 $1 $18 Nxh3 (19... Rfd8 $142 20. Nc3 (20. Re1 Nxh3 21. Bxh3 Bxe3 $16) 20... Rxd1+ {[%mdl 64] Remove Defender} 21. Nxd1 Nh5) 20. Bb6 Nf4 21. gxf4 exf4 22. Rg1 {[%emt 0:01:22] Prevents Bg4} Bh4 23. Nc5 g5 24. Nxe6 fxe6 25. Bc4 Rae8 26. Rd2 (26. Bxa6 h5 27. a4 Ra8) 26... Kg7 27. Rd6 Rf6 28. e5 (28. Bxa6 f3 29. a4 Ra8 $18) 28... Rg6 (28... Rff8 {was called for.} 29. Bc5 f3) 29. Bd3 (29. Rxc6 g4 30. Bxa6 Bd8 $18) 29... h5 30. Rd7+ (30. Bxg6 Kxg6 31. Rh1 (31. Rxc6 g4 $18) 31... Bg3 $18) (30. Rxc6 Bg3 31. Bxa6 h4 $18) (30. Bxa6 g4 31. a4 c5 32. Rd7+ Kf8 $18) 30... Kh6 31. Rf7 (31. Bxg6 Kxg6 32. Rh1 Bg3 $18) 31... Bg3 (31... g4 $142 32. Rxf4 Bg5) 32. Bxg6 Kxg6 33. Rf6+ Kh7 {[%emt 0:00:45] [#]} 34. Bf2 $2 h4 $2 (34... Bxf2 {is a better chance.} 35. Rxg5 h4 36. Rxf4 (36. Rh5+ Kg7 $18) 36... Kh6) 35. Bxg3 fxg3 36. Kc1 Rd8 37. Rxe6 Rd4 38. Rxc6 Re4 $2 (38... h3 39. Rxg3 (39. Rxa6 $2 {perishes.} h2 $19) 39... h2 40. Rh3+ (40. Rxa6 $2 {leads to mate.} h1=Q+) 40... Rh4 41. Rxh2 Rxh2 42. Rxa6 Rh4) 39. Kd2 g4 40. Rc3 Rxe5 41. Rc4 Rg5 42. Ke3 {[%emt 0:00:39] Kf4 would be deadly.} Rg8 43. Kf4 {[%emt 0:00:06] Threatening mate with Rh1.} Kh6 44. Rh1 {[%emt 0:00:23] White mates.} g2 45. Rxh4+ Kg7 46. Rxg4+ Kh8 47. Rxg8+ Kxg8 48. Rc3 {[%emt 0:00:01] Weighted Error Value: White=0.46/Black=0.54} ({Not} 48. Rc8+ Kf7 49. Rc7+ Kf8 50. Rc8+ Kf7 51. Rc7+ Kf8 52. Rc8+ Kf7 $11) 1-0

[Event "American Cup Elimination 2023"]
[Site "Saint Louis"]
[Date "2023.03.19"]
[Round "2.1"]
[White "Sevian, Samuel"]
[Black "Aronian, Levon"]
[Result "1/2-1/2"]
[ECO "E32"]
[WhiteElo "2687"]
[BlackElo "2745"]
[Annotator "TA"]
[PlyCount "143"]
[EventDate "2023.03.15"]
[EventType "k.o."]
[EventCountry "USA"]
[SourceTitle "playchess.com"]
[Source "ChessBase"]
[SourceQuality "1"]
[TimeControl "1500+10"]

1. c4 Nf6 2. d4 e6 3. Nc3 Bb4 4. Qc2 O-O 5. a3 Bxc3+ 6. Qxc3 b6 {[%emt 0:00:14] 6...d5 deserves study.} 7. Bg5 Bb7 8. e3 d5 {[%emt 0:00:44] E32: Nimzo-Indian: Classical (4 Qc2): 4...0-0.} 9. Nf3 Nbd7 10. cxd5 Bxd5 {[%emt 0:00:13] White has an edge.} 11. Ne5 {[%emt 0:00:01] [#]} Nxe5 $146 ({Predecessor:} 11... Qc8 12. f3 Bb7 13. e4 Nxe5 14. dxe5 Nd7 15. Rd1 h6 16. Bh4 a5 17. Bb5 c6 {½-½ Dreev,A (2644)-Abasov,N (2556) Tata Steel-B 78th 2016 (12)}) 12. dxe5 Ne4 {[%emt 0:00:01][%csl LRc3,LRg5][%mdl 64] Discovered Attack, Double Attack} 13. Bxd8 Nxc3 14. Be7 Rfe8 15. Bh4 Na4 16. Bb5 (16. O-O-O $5 ) 16... Nxb2 17. Bxe8 Rxe8 18. f3 c5 19. e4 Bc6 20. Ke2 c4 21. Kd2 b5 22. Kc3 (22. Kc2 {simplifies} Nd3 23. Rhd1 Rc8 24. Rxd3 cxd3+ 25. Kxd3 Kf8 26. Bf2) 22... Nd3 {[%emt 0:00:03] [#]} 23. a4 $1 a6 (23... bxa4 24. Kxc4) 24. axb5 $1 Bxb5 (24... axb5 25. Ra7 Rc8 26. Kd4 $16) 25. Bg3 Rc8 26. h4 h5 27. Bh2 Kf8 28. Rhg1 Ke7 29. g4 hxg4 30. Rxg4 g6 31. Rg5 Rh8 32. Bg3 Kd7 {[%emt 0:00:02] [#]} 33. h5 $1 gxh5 34. Rh1 Kc6 (34... h4 {simplifies} 35. Bxh4 Kc6 36. Rgg1 Nxe5 37. Bf6 Rxh1 38. Rxh1 Nxf3 39. Rh7 Ne1) 35. Rg7 {[%emt 0:01:14][%mdl 1024] White has compensation.} Rd8 {[%emt 0:00:49] Strongly threatening ...Nc5.} 36. Rd1 ({Of course not} 36. Rxf7 Nc5 37. Rc1 (37. Rxh5 Rd3+ 38. Kc2 c3 $19) 37... Nb3 $15) 36... Rd7 37. f4 Ba4 38. Rd2 Bb3 39. f5 a5 40. fxe6 fxe6 41. Rg6 {[%emt 0:00:18] Dancing on a razor blade.} Kb5 (41... Nc5 $11 42. Rxd7 Kxd7) 42. Rxe6 $14 Rg7 43. Bh2 Ka4 {[%emt 0:01:52] [#]} (43... Nb4 $1 $14) 44. Rc6 (44. Rb6 $1 $18) 44... Nb4 (44... Rg4 $1 $14) 45. Rb6 $18 Rg4 {[%emt 0:00:47] [#]} 46. Re2 {[%emt 0:00:42] e6 is the strong threat.} Na2+ 47. Kd4 {[%emt 0:00:23] And now e6 would win.} c3 48. Rc6 $2 (48. e6 $18 {aiming for e7.} Rg7 49. Bf4) 48... Rg8 $11 {[%emt 0:00:47] The position is equal.} 49. e6 Re8 50. Bf4 Rxe6 (50... c2 {feels hotter.} 51. Rh2 Nb4 52. Rd6 Rxe6 53. Rxe6 Bxe6 54. Rxh5 Kb3) 51. Rc5 $132 {[%emt 0:00:09][%mdl 2048] White puts up resistance} Rb6 52. Bc7 ({Don't play} 52. Rxh5 Rb4+ 53. Ke3 c2 $17) 52... Rb4+ 53. Kd3 {[%emt 0:00:07][%csl Gc7][%cal Rc5a5] [#]} Bc4+ $1 54. Rxc4 Nc1+ 55. Kxc3 {[%emt 0:00:21] Threatening mate with Rh2.} Nxe2+ 56. Kd3 Rxc4 57. Kxc4 {[%emt 0:00:01][%mdl 4096] Endgame KB-KN} h4 58. Bh2 Ng3 {[%emt 0:00:02] Threatens to win with ...Nf1.} 59. e5 Nf5 {[%emt 0:00:14] Hoping for ...Ng7.} 60. e6 h3 61. Be5 Ka3 62. Kd5 Ne7+ 63. Ke4 Nc6 64. Bd6+ Kb3 65. Ke3 {[%emt 0:00:15] [#]} (65. Kf3 {simplifies} Nd4+ 66. Kg4 Nxe6 67. Kxh3 Kc4 68. Ba3) 65... Ne7 $1 {[%emt 0:00:51][%mdl 64] ( -> ...Nf5+). Deflection, Promotion} 66. Kf3 (66. Bxe7 h2 67. Kf4 a4 $19) (66. Kf2 Nf5) 66... Nf5 67. Bc5 a4 68. e7 Nxe7 69. Bxe7 a3 70. Bxa3 Kxa3 (70... h2 $5 71. Kg2 $8 Kxa3 $11) 71. Kg3 h2 72. Kxh2 {[%emt 0:00:00] An interesting game.   Weighted Error Value: White=0.14 (very precise) /Black=0.14 (very precise)} 1/2-1/2